 Dungeon Crawl Stone Soup version 0.28-a0-1435-g82390b3a13 (webtiles) character file.

Game seed: 8512907517066278160

1721 Shayle the Grasshopper (level 9, -3/69 HPs)
             Began as a Gnoll Warper on Jan 9, 2022.
             Was a Follower of Yredelemnul.
             Slain by Maggie (8 damage)
             ... on level 8 of the Dungeon.
             The game lasted 00:22:25 (8970 turns).

Shayle the Grasshopper (Gnoll Warper)               Turns: 8970, Time: 00:22:25

Health: -3/69      AC:  5    Str: 18    XL:     9   Next: 4%
Magic:  18/18      EV: 13    Int: 16    God:    Yredelemnul [*.....]
Gold:   151        SH:  4    Dex: 11    Spells: 20/20 levels left

rFire   + . .      SeeInvis .     - Unarmed
rCold   + . .      Faith    .   p - +0 buckler
rNeg    . . .      Spirit   .   z - +2 leather armour {rPois}
rPois   +          Reflect  .   (no helmet)
rElec   .          Harm     .   y - scarf {rC+ rF+}
rCorr   +          Rampage  .   (no gloves)
Will    .....                   (no boots)
Stlth   ++........              w - amulet of magic regeneration
HPRegen 0.21/turn               o - +6 ring of strength
MPRegen 0.56/turn               v - ring of resist corrosion

@: mighty, mesmerised, invisible
A: fangs 1, strong nose, distributed training
a: Renounce Religion, Recall Undead Harvest


You were on level 8 of the Dungeon.
You worshipped Yredelemnul.
Yredelemnul was noncommittal.
You visited 1 branch of the dungeon, and saw 9 of its levels.
You also visited: Ossuary.

You collected 291 gold pieces.
You spent 140 gold pieces at shops.

Inventory:

Missiles
 e - 13 poisoned darts (quivered)
 x - a boomerang
Armour
 a - a +0 leather armour
 p - a +0 buckler (worn)
 y - a scarf of resistance (worn)
 z - a +2 leather armour of poison resistance (worn)
Jewellery
 o - a +6 ring of strength (left hand)
 v - a ring of resist corrosion (right hand)
 w - an amulet of magic regeneration (around neck)
Scrolls
 b - 2 scrolls of blinking
 g - 2 scrolls of fog
 m - 3 scrolls of teleportation
 n - a scroll of fear
 q - a scroll of amnesia
Potions
 c - a potion of haste
 h - a potion of curing
 j - 4 potions of attraction
 k - 3 potions of brilliance
 l - 2 potions of berserk rage
 s - 3 potions of mutation
 t - a potion of ambrosia
 u - a potion of lignification


   Skills:
 + Level 6.0 Fighting
 + Level 3.8 Short Blades
 + Level 3.8 Long Blades
 + Level 3.8 Axes
 + Level 3.8 Maces & Flails
 + Level 3.8 Polearms
 + Level 3.8 Staves
 + Level 3.8 Slings
 + Level 3.8 Bows
 + Level 3.8 Crossbows
 + Level 4.6 Throwing
 + Level 4.6 Armour
 + Level 6.0 Dodging
 + Level 3.8 Stealth
 + Level 3.8 Shields
 + Level 6.0 Unarmed Combat
 + Level 6.3 Spellcasting
 + Level 3.1 Conjurations
 + Level 3.1 Hexes
 + Level 3.1 Summonings
 + Level 3.1 Necromancy
 + Level 6.3 Translocations
 + Level 3.1 Transmutations
 + Level 3.1 Fire Magic
 + Level 3.1 Ice Magic
 + Level 3.1 Air Magic
 + Level 3.1 Earth Magic
 + Level 3.1 Poison Magic
 + Level 4.2 Invocations
 + Level 3.8 Evocations


You had 20 spell levels left.
You didn't know any spells.
Your spell library contained the following spells:

 Spells                   Type           Power      Damage    Failure   Level
 Blink                    Tloc           50%        N/A       2%          2
 Gell's Gravitas          Tloc           25%        N/A       4%          3
 Lesser Beckoning         Tloc           25%        N/A       4%          3
 Teleport Other           Tloc           25%        N/A       4%          3
 Summon Small Mammal      Summ           60%        N/A       5%          1
 Sublimation of Blood     Necr           15%        N/A       9%          2
 Wereblood                Tmut           15%        N/A       9%          2
 Call Canine Familiar     Summ           15%        N/A       17%         3
 Summon Guardian Golem    Hex/Summ       15%        N/A       17%         3
 Manifold Assault         Tloc           25%        N/A       38%         5
 Summon Hydra             Summ           7%         N/A       100%        7


Dungeon Overview and Level Annotations

Branches:
Dungeon (9/15)            Ossuary (visited)
 Temple: D:4-7         Lair: D:8-11         Orc: D:9-12

Altars:
Nemelex Xobeh
Sif Muna
Yredelemnul

Shops:
D:7 ?   D:9 [

Annotations:
D:5 2 transporters, ThrustWizard's ghost, novice DsGl
D:8 Maggie


Innate Abilities, Weirdness & Mutations

You have very sharp teeth.
Your uncanny sense of smell can sniff out nearby items.
Your experience applies equally to all skills.


Message History

You are mesmerised by Maggie!
You cannot move away from Maggie!
Unknown command.
Unknown command.
You cannot move away from Maggie!
You cannot move away from Maggie!
Maggie casts a spell at you.
The bolt of fire hits your kobold zombie!!
Your kobold zombie is destroyed!
The bolt of fire hits you! You resist.
* * * LOW HITPOINT WARNING * * *
You fade into invisibility!
Okay, then.
Your spectral ice beast barely misses Maggie.
Your orc zombie hits Maggie but does no damage.
Maggie misses you.
Your spectral ice beast hits Maggie but does no damage.
Things that are here:
a +0 dagger; a +0 leather armour You hit Maggie.
Maggie is lightly wounded.
Your orc zombie hits Maggie but does no damage.
Maggie closely misses you.
Your spectral ice beast hits Maggie but does no damage.
Unknown command.
You hit Maggie.
Maggie is lightly wounded.
Your orc zombie barely misses Maggie.
Maggie says, "How do the people who live here stand the isolation?"
Maggie hits you with a +1 halberd of flaming!
* * * LOW HITPOINT WARNING * * *
Maggie burns you.
* * * LOW HITPOINT WARNING * * *
Your spectral ice beast closely misses Maggie.
You punch Maggie!
Maggie is moderately wounded.
Your orc zombie hits Maggie but does no damage.
Maggie hits you with a +1 halberd of flaming!
You die...
Your body rises from the dead as a mindless zombie.

...##.........
... .............
#... ∆
...........# ..##
.........§≈ #
........≈#
#.......≈# #
###.......§# .
..####.........≈#
.
.........@##..[.+
.
..#####..Z@.:..≈#
. #..Z##...≈# .
##### #.§# .
#.......# ≈# .
........# #
....>...S #
#.......... #
#.........# ∆ ..


You could see Maggie (mesmerising, ally target), a friendly spectral ice beast
and a friendly orc zombie.

Vanquished Creatures
  An ice beast (D:8)
  3 ogres
  A necrophage (D:6)
  3 centaurs (D:6)
  2 kobold brigands
  3 scorpions
  2 water moccasin zombies (Ossuary)
  2 water moccasin skeletons
  A hound (D:5)
  A bullfrog skeleton (D:6)
  An orc priest (D:4)
  3 centaur skeletons
  3 iguanas
  3 orc wizards
  2 mummies (Ossuary)
  A gnoll (D:3)
  2 adders
  A white imp (D:4)
  An ufetubus (D:4)
  4 adder zombies (Ossuary)
  2 worms
  2 dart slugs
  13 orcs
  7 ball pythons
  8 bats
  8 endoplasms
  7 giant cockroaches
  4 gnoll zombies (Ossuary)
  5 goblins
  5 hobgoblins
  5 quokkas
  A frilled lizard (D:2)
  6 hobgoblin zombies (Ossuary)
  16 kobolds
  2 kobold zombies (Ossuary)
  3 orc zombies (Ossuary)
  4 rats
  A spectral orc (D:7)
139 creatures vanquished.

Vanquished Creatures (others)
  3 kobold zombies (D:8)
  5 toadstools (D:1)
8 creatures vanquished.

Grand Total: 147 creatures vanquished

Notes
Turn   | Place    | Note
-------+----------+-------------------------------------------
     0 | D:1      | Shayle the Gnoll Warper began the quest for the Orb.
     0 | D:1      | Reached XP level 1. HP: 20/20 MP: 6/6
    74 | D:1      | Reached XP level 2. HP: 22/26 MP: 7/7
   248 | D:1      | Found a faded altar of an unknown god.
   502 | D:1      | Reached XP level 3. HP: 31/31 MP: 9/9
   518 | D:1      | Reached skill level 5 in Spellcasting
  1175 | D:2      | Reached skill level 1 in Invocations
  1228 | D:2      | Reached skill level 1 in Short Blades
  1228 | D:2      | Reached skill level 1 in Long Blades
  1228 | D:2      | Reached skill level 1 in Axes
  1228 | D:2      | Reached skill level 1 in Maces & Flails
  1228 | D:2      | Reached skill level 1 in Polearms
  1228 | D:2      | Reached skill level 1 in Staves
  1228 | D:2      | Reached skill level 1 in Slings
  1228 | D:2      | Reached skill level 1 in Bows
  1228 | D:2      | Reached skill level 1 in Crossbows
  1228 | D:2      | Reached skill level 1 in Stealth
  1228 | D:2      | Reached skill level 1 in Shields
  1228 | D:2      | Reached skill level 1 in Evocations
  1541 | D:3      | Reached XP level 4. HP: 38/38 MP: 11/11
  1866 | D:4      | Reached skill level 1 in Conjurations
  1866 | D:4      | Reached skill level 1 in Hexes
  1866 | D:4      | Reached skill level 1 in Summonings
  1866 | D:4      | Reached skill level 1 in Necromancy
  1866 | D:4      | Reached skill level 1 in Transmutations
  1866 | D:4      | Reached skill level 1 in Fire Magic
  1866 | D:4      | Reached skill level 1 in Ice Magic
  1866 | D:4      | Reached skill level 1 in Air Magic
  1866 | D:4      | Reached skill level 1 in Earth Magic
  1866 | D:4      | Reached skill level 1 in Poison Magic
  1924 | D:4      | Reached XP level 5. HP: 33/43 MP: 12/12
  1964 | D:4      | Found a sand-covered staircase.
  2095 | Ossuary  | Entered an ossuary
  2309 | Ossuary  | Reached XP level 6. HP: 24/50 MP: 13/13
  3031 | D:3      | Reached skill level 5 in Fighting
  3031 | D:3      | Reached skill level 5 in Dodging
  3031 | D:3      | Reached skill level 5 in Unarmed Combat
  3150 | D:3      | Found a sparkling altar of Nemelex Xobeh.
  4051 | D:5      | Entered Level 5 of the Dungeon
  4278 | D:5      | Found a transporter.
  4278 | D:5      | Noticed a vampire
  4282 | D:5      | Noticed ThrustWizard's ghost (novice DsGl)
  4317 | D:5      | Found a transporter.
  4546 | D:5      | Reached XP level 7. HP: 24/56 MP: 15/15
  6822 | D:6      | Reached XP level 8. HP: 57/63 MP: 16/16
  8697 | D:7      | Found a basalt altar of Yredelemnul.
  8707 | D:7      | Became a worshipper of Yredelemnul the Dark
  8733 | D:7      | Found Xearchoc's Magic Scroll Shop.
  8736 | D:7      | Bought a scroll of identify for 28 gold pieces
  8736 | D:7      | Bought 2 scrolls of teleportation for 84 gold pieces
  8736 | D:7      | Bought a scroll of identify for 28 gold pieces
  8742 | D:7      | You fall into a shaft and drop 2 floors!
  8805 | D:8      | Found a shimmering blue altar of Sif Muna.
  8832 | D:9      | Found Imawuch's Armour Emporium.
  8914 | D:8      | Noticed Maggie
  8952 | D:8      | Reached * piety under Yredelemnul
  8953 | D:8      | Reached XP level 9. HP: 26/69 MP: 18/18
  8970 | D:8      | Slain by Maggie

Illustrated notes

Levels and vault maps discovered:
D:1:      ldierk_walled_garden, layout_basic, ebering_ecumenical_altar_abandoned
D:2:      layout_rooms
D:3:      layout_rooms, nemelex_spade_bored_becter, minmay_surrounded
D:4:      layout_loops_corners, nicolae_ossuary_entry_false_entrances,
          minmay_splitting_lines
D:5:      layout_basic, gammafunk_ghost_arena, minmay_misc_feat_chi
D:6:      layout_basic, abandoned_shop
D:7:      layout_loops_corners, yredelemnul_forgotten_temple_becter,
          mainiacjoe_overflow_alcove_2, minmay_temple_entry_arrows,
          serial_shops, kennysheep_mini
D:8:      layout_rooms, lightli_temple_of_fire, lemuel_tele_altar,
          mainiacjoe_overflow_24_doors, overflow_temple_1_default,
          serial_bayou_crossing, uniq_maggie, uniq_grum
D:9:      layout_grid_maze, nicolae_elyvilon_peaceful_grove, serial_shops,
          nicolae_stop_n_shop_1, nicolae_shop_trees,
          nicolae_shop_temple_entry_statues_fountains, shop

Skill      XL: |  1  2  3  4  5  6  7  8 |
---------------+-------------------------+-----
Spellcasting   | 5 6 |  6.3
Invocations    | 1 2 3 4 |  4.2
Short Blades   | 1 2 3 |  3.8
Long Blades    | 1 2 3 |  3.8
Axes           | 1 2 3 |  3.8
Maces & Flails | 1 2 3 |  3.8
Polearms       | 1 2 3 |  3.8
Staves         | 1 2 3 |  3.8
Slings         | 1 2 3 |  3.8
Bows           | 1 2 3 |  3.8
Crossbows      | 1 2 3 |  3.8
Stealth        | 1 2 3 |  3.8
Shields        | 1 2 3 |  3.8
Evocations     | 1 2 3 |  3.8
Conjurations   | 1 2 3 |  3.1
Hexes          | 1 2 3 |  3.1
Summonings     | 1 2 3 |  3.1
Necromancy     | 1 2 3 |  3.1
Transmutations | 1 2 3 |  3.1
Fire Magic     | 1 2 3 |  3.1
Ice Magic      | 1 2 3 |  3.1
Air Magic      | 1 2 3 |  3.1
Earth Magic    | 1 2 3 |  3.1
Poison Magic   | 1 2 3 |  3.1
Throwing       | 3 4 |  4.6
Armour         | 3 4 |  4.6
Fighting       | 5 6 |  6.0
Dodging        | 5 6 |  6.0
Unarmed Combat | 5 6 |  6.0
Translocations | 6 |  6.3

Action                   |  1- 3 |  4- 6 |  7- 9 || total
-------------------------+-------+-------+-------++-------
Melee: Unarmed           |   118 |   268 |   242 ||   628
       Bite              |     6 |    35 |    20 ||    61
       Punch             |     2 |    11 |     2 ||    15
Throw: Boomerang         |       |     8 |       ||     8
       Throwing net      |       |     1 |     1 ||     2
Invok: Recall Undead Har |       |       |     1 ||     1
Evoke: Wand              |       |       |     7 ||     7
  Use: Scroll            |       |     7 |    12 ||    19
       Potion            |       |     1 |     9 ||    10
 Stab: Sleeping          |     2 |     1 |     1 ||     4
       Distracted        |       |       |     1 ||     1
Armor: Leather armour    |    34 |    50 |    40 ||   124
Dodge: Dodged            |    69 |   154 |   144 ||   367
Block: Buckler           |       |       |    29 ||    29

Table legend: (Time is in decaauts)
 A = Elapsed time spent in this place.
 B = Non-inter-level travel time spent in this place.
 C = Inter-level travel time spent in this place.
 D = Time resting spent in this place.
 E = Time spent auto-exploring this place.
 F = Levels seen in this place.
 G = Mean time per level.
                   A        B        C        D        E       F      G
               +--------+--------+--------+--------+--------+-----+--------+
         Total |   8935 |   8585 |    350 |   2586 |   4128 |  10 |  893.5 |
       Dungeon |   8157 |   7807 |    350 |   2045 |   4128 |   9 |  906.3 |
       Ossuary |    778 |    778 |      0 |    541 |      0 |   1 |  778.0 |
               +--------+--------+--------+--------+--------+-----+--------+

Top non-repeatable levels by time:
     D:6: 1823 daAuts
     D:5: 1794 daAuts
     D:4: 1785 daAuts
     D:1: 989 daAuts
 Ossuary: 778 daAuts
     D:3: 727 daAuts
     D:2: 661 daAuts
     D:7: 151 daAuts
     D:8: 137 daAuts
     D:9: 86 daAuts
